 Dungeon Crawl Stone Soup version 0.21.0 (webtiles) character file.

72 tidbits the Sneak (level 4, 8/18 HPs)
             Began as a Felid Earth Elementalist on Jan 6, 2018.
             Quit the game on level 3 of the Dungeon.
             The game lasted 00:04:45 (611 turns).

tidbits the Sneak (Felid Earth Elementalist)         Turns: 611, Time: 00:04:46

Health: 8/18       AC:  1    Str:  5    XL:     4   Next: 7%
Magic:  8/8        EV: 18    Int: 16    God:
Gold:   111        SH:  0    Dex: 16    Spells: 6/7 levels left
                                        Lives:  1   Deaths: 0

rFire    . . .     SeeInvis +     - Unarmed
rCold    . . .     Gourm    .   (shield unavailable)
rNeg     . . .     Faith    .   (armour unavailable)
rPois    .         Spirit   .   (helmet unavailable)
rElec    .         Reflect  .   (cloak unavailable)
rCorr    .         Harm     .   (gloves unavailable)
MR       .....                  (boots unavailable)
Stlth    +++.......             (no amulet)
HPRegen  0.06/turn              (no ring)
MPRegen  0.11/turn              (no ring)

@: quick
A: very small, no armour, no weapons or thrown items, stealth, claws 1, fangs 3,
see invisible, carnivore, speed 1, shaggy fur 1, slow metabolism 1, sharp paws
a: no special abilities


You were on level 3 of the Dungeon.
You were not hungry.

You visited 1 branch of the dungeon, and saw 3 of its levels.

You collected 111 gold pieces.

Inventory:

Scrolls
 a - a scroll of immolation {unknown}
 f - a scroll of remove curse {unknown}
Potions
 e - a potion of mutation {unknown}
Books
 d - a book of Geomancy

   Spells                             Type                      Level
   a - Sandblast                      Earth                        1
   b - Passwall                       Transmutation/Earth          2
   c - Stone Arrow                    Conjuration/Earth            3
   d - Petrify                        Transmutation/Earth          4
   e - Lee's Rapid Deconstruction     Earth                        5
Comestibles
 c - a ration


   Skills:
 - Level 2.6 Dodging
 + Level 4.8 Stealth
 + Level 2.5 Unarmed Combat
 - Level 2.0 Spellcasting
   Level 1.1 Transmutations
 - Level 2.6 Earth Magic


You had 6 spell levels left.
You knew the following spells:

 Your Spells              Type           Power        Failure   Level  Hunger
a - Sandblast             Erth           ##....       7%          1    #......


Dungeon Overview and Level Annotations

Branches:
Dungeon (3/15)

Altars:
Ru


Innate Abilities, Weirdness & Mutations

You cannot wear armour.
You are incapable of wielding weapons or throwing items.
Your paws allow you to move quietly. (Stealth)
You have sharp claws.
You have razor-sharp teeth.
You have supernaturally acute eyesight. (SInv)
You are carnivorous and can eat meat at any time.
You cover ground quickly.
You are covered in fur. (AC +1)
You have a slow metabolism.
Your sharp claws are effective at attacking unaware monsters.


Message History

Confirm with . or Enter, or press ? or * to list all spells.
Aiming: Sandblast
Press: ? - help, Shift-Dir - straight line, f/p - goblin
Aim: a goblin The blast of sand hits the goblin.
You kill the goblin!
You now have no stones remaining.
Things that are here:
a leather armour; a goblin corpse
Found a scroll labeled CUSULIFFAS.
a - a scroll labeled CUSULIFFAS You open the door.
Found 16 gold pieces.
There is an open door here.
You now have 93 gold pieces (gained 9).
You now have 100 gold pieces (gained 7).
You open the door.
There is an open door here.
Found 11 gold pieces.
You now have 111 gold pieces (gained 11).
An adder comes into view.
An ooze comes into view.
You pounce on the unaware helpless adder!
You claw the adder!
You kill the adder!
You have reached level 4!
Extra life!
Casting: Sandblast
Confirm with . or Enter, or press ? or * to list all spells.
Aiming: Sandblast
Press: ? - help, Shift-Dir - straight line, f - ooze
Aim: an ooze You don't have any stones to cast with.
Unknown command.
You see here an adder corpse.
An ooze is nearby!
An ooze is nearby!
The orc wizard barely misses you.
A bat, a quokka and a kobold come into view.
The quokka closely misses you.
A bat comes into view.
Unknown command.
Found a stone staircase leading down.
The quokka barely misses you.
There is a stone staircase leading down here.
The bat misses you. The quokka closely misses you.
You climb downwards.
An adder and a giant cockroach come into view.
Found 10 gold pieces.
There is a stone staircase leading up here.
Casting: Sandblast
Confirm with . or Enter, or press ? or * to list all spells.
Aiming: Sandblast
Press: ? - help, Shift-Dir - straight line, f - bat
Aim: a bat You don't have any stones to cast with.
Unknown command.
The helpless giant cockroach fails to defend itself.
You claw the giant cockroach!
You kill the giant cockroach!
The bat closely misses you. The quokka misses you.
You scratch the quokka.
The quokka is heavily wounded.
The quokka bites you. The bat closely misses you.
You scratch the quokka but do no damage.
The quokka is heavily wounded.
The bat closely misses you. The quokka closely misses you.
You scratch the quokka. Your bite misses the quokka.
The quokka is almost dead.
The bat misses you. The quokka closely misses you.
You closely miss the quokka.
The quokka is almost dead.
The bat closely misses you. The quokka bites you.
* * * LOW HITPOINT WARNING * * *
The quokka completely misses you.
You scratch the quokka.
You kill the quokka!
The bat barely misses you.
Casting: Sandblast
Confirm with . or Enter, or press ? or * to list all spells.
Aiming: Sandblast
Press: ? - help, Shift-Dir - straight line, f - adder, p - bat
Aim: an adder You don't have any stones to cast with.
Casting: Sandblast
Confirm with . or Enter, or press ? or * to list all spells.
Aiming: Sandblast
Press: ? - help, Shift-Dir - straight line, f/p - adder
Aim: an adder You don't have any stones to cast with.
Casting: Sandblast
Confirm with . or Enter, or press ? or * to list all spells.
Aiming: Sandblast
Press: ? - help, Shift-Dir - straight line, f/p - adder
Aim: an adder You don't have any stones to cast with.
Unknown command.
Unknown command.
Unknown command.
Are you sure you want to abandon this character and quit the game? (Confirm with "yes".)

###### .....# .....#
.....# ##.....##
.....# #........
.....#######.......#
##g..................#
#<..#.........8.......
#.g...#..#....b.......
#.g.####......@.....#
#<..# ###.....$......
#...# #..8.S.8##.#.
##### #.##...... #
##...#.. ######... .#.
#


You could see an adder and a bat.

Vanquished Creatures
  2 gnolls (D:2)
  3 adders (D:2)
  4 leopard geckos
  3 giant cockroaches
  3 goblins
  A kobold (D:1)
  A quokka (D:3)
  3 bats
  A frilled lizard (D:1)
  3 rats
24 creatures vanquished.

Notes
Turn   | Place    | Note
-------+----------+-------------------------------------------
     0 | D:1      | tidbits the Felid Earth Elementalist began the quest for the Orb.
     0 | D:1      | Reached XP level 1. HP: 7/7 MP: 4/4
    39 | D:1      | Reached skill level 3 in Stealth
    82 | D:1      | Reached skill level 1 in Unarmed Combat
    98 | D:1      | Reached XP level 2. HP: 11/11 MP: 0/6
   252 | D:2      | Found a sacrificial altar of Ru.
   274 | D:2      | Reached skill level 4 in Stealth
   295 | D:2      | Reached XP level 3. HP: 8/14 MP: 4/7
   307 | D:2      | Reached skill level 2 in Unarmed Combat
   546 | D:2      | Reached XP level 4. HP: 18/18 MP: 8/8
   611 | D:3      | Quit the game

Skill      XL: |  1  2  3 |
---------------+----------+-----
Stealth        | 3 4 |  4.8
Unarmed Combat | 1 2 |  2.5
Dodging        | |  2.6
Spellcasting   | |  2.0
Transmutations | |  1.1
Earth Magic    | |  2.6

Action                   |  1- 3 |  4- 6 || total
-------------------------+-------+-------++-------
Melee: Unarmed           |     9 |     6 ||    15
       Bite              |     1 |       ||     1
 Cast: Sandblast         |    30 |       ||    30
  Use: Potion            |     1 |       ||     1
 Stab: Sleeping          |     6 |     1 ||     7
Dodge: Dodged            |    29 |    15 ||    44

Table legend:
 A = Turns spent in this place as a percentage of turns spent in the entire game.
 B = Non-inter-level travel turns spent in this place as a percentage of non-inter-level travel turns spent in the entire game.
 C = Inter-level travel turns spent in this place as a percentage of turns spent in this place.
 D = Turns resting spent in this place as a percentage of non-inter-level travel turns spent in this place.
 E = Turns spent auto-exploring this place as a percentage of non-inter-level travel turns spent in this place.
 F = Non-inter-level travel turns spent in this place divided by the number of levels of this place that you've seen.
                   A       B       C       D       E      F
               +-------+-------+-------+-------+-------+----------------------
         Total | 100.0 | 100.0 |   0.0 |   0.0 |   0.0 | 203.7
       Dungeon | 100.0 | 100.0 |   0.0 |   0.0 |   0.0 | 203.7
               +-------+-------+-------+-------+-------+----------------------

Table legend:
 A = Kills in this place as a percentage of kills in entire the game.
 B = Kills by you in this place as a percentage of kills by you in the entire game.
 C = Kills by friends in this place as a percentage of kills by friends in the entire game.
 D = Other kills in this place as a percentage of other kills in the entire game.
 E = Experience gained in this place as a percentage of experience gained in the entire game.
 F = Experience gained in this place divided by the number of levels of this place that you have seen.
                   A       B       C       D       E      F
               +-------+-------+-------+-------+-------+----------------------
         Total | 100.0 | 100.0 |   N/A |   N/A | 100.0 |  34.7
       Dungeon | 100.0 | 100.0 |   N/A |   N/A | 100.0 |  34.7
               +-------+-------+-------+-------+-------+----------------------

Vault maps used:
D:1:      dpeg_arrival_orchard
D:2:      okawaru_altar_gauntlet_db, chequers_ecumenical_altar_island,
          nicolae_ru_great_annihilating_truth
D:3:      lightli_temple_of_fire, ashenzari_conservatory_becter, minivault_19,
          grunt_ministairs_1, grunt_decor_fettered, moated_statue,
          nemelex_xobeh_ov_fountains_minmay, uniq_ijyb
